 Dungeon Crawl Stone Soup version 0.27.0-1-g7a089689b8 (webtiles) character file.

Game seed: 3085015760343361719

647 MirrMurr the Skirmisher (level 7, -1/66 HPs)
             Began as a Gargoyle Berserker on July 31, 2021.
             Was a Believer of Trog.
             Killed from afar by a steam dragon (17 damage)
             ... with a ball of steam
             ... on level 6 of the Dungeon.
             The game lasted 00:11:07 (5782 turns).

MirrMurr the Skirmisher (Gargoyle Berserker)        Turns: 5782, Time: 00:11:08

Health: -1/66      AC: 15    Str: 23    XL:     7   Next: 52%
Magic:  7/7        EV: 10    Int:  7    God:    Trog [**....]
Gold:   289        SH:  3    Dex:  9    Spells: 6/6 levels left

rFire    . . .     SeeInvis .   a - +0 trident
rCold    . . .     Faith    .   k - +0 buckler
rNeg     + . .     Spirit   .   f - +0 scale mail
rPois    ∞         Reflect  .   (no helmet)
rElec    +         Harm     .   (no cloak)
rCorr    .         Rampage  .   e - +2 pair of gloves {archery}
Will     .....                  (no boots)
Stlth    ..........             (no amulet)
HPRegen  0.21/turn              (no ring)
MPRegen  0.10/turn              (no ring)

@: berserking, studying Staves, very quick
A: sickness immunity, AC +4, negative energy resistance 1, electricity
resistance, torment resistance 1, petrification resistance
a: Renounce Religion, Berserk, Trog's Hand


You were on level 6 of the Dungeon.
You worshipped Trog.
Trog was pleased with you.
You visited 1 branch of the dungeon, and saw 6 of its levels.

You collected 289 gold pieces.

Inventory:

Hand Weapons
 a - a +0 trident (weapon)
 b - a +0 hunting sling
Missiles
 c - 160 stones (quivered)
 j - 20 poisoned darts
 l - 3 boomerangs
 p - 31 sling bullets
Armour
 e - a +2 pair of gloves of archery (worn)
 f - a +0 scale mail (worn)
 k - a +0 buckler (worn)
Jewellery
 q - a ring of fire
Scrolls
 d - 3 scrolls of teleportation
 i - a scroll of identify
 o - a scroll of fog
 r - a scroll of enchant weapon {unknown}
Potions
 g - a potion of curing {unknown}
 h - 2 potions of flight
 m - a potion of haste
 n - a potion of mutation


   Skills:
 + Level 5.2 Fighting
 - Level 4.0 Polearms
 + Level 2.7 Throwing
 + Level 4.3 Armour
 + Level 3.2 Dodging
 + Level 1.4 Shields


You had 6 spell levels left.
You didn't know any spells.
Your spell library was empty.

Dungeon Overview and Level Annotations

Branches:
Dungeon (6/15)
 Temple: D:4-7

Altars:
Sif Muna

Annotations:
D:5 2 transporters, DildoBatman's ghost, amateur FoCj


Innate Abilities, Weirdness & Mutations

You are immune to sickness and miasma.
Your stone body is resilient. (AC +4)
You are immune to poison.
You resist negative energy. (rN+)
You are resistant to electric shocks. (rElec)
You are resistant to unholy torment.
You are immune to petrification.


Message History

No target in view!
You reach to attack!
You hit the steam dragon but do no damage.
You closely miss the steam dragon. The steam dragon breathes steam at you.
The ball of steam hits you but does no damage.
You barely miss the steam dragon.
You are engulfed in a cloud of scalding steam.
The steam dragon bites you.
The steam dragon claws you but does no damage.
You hit the steam dragon but do no damage.
You are engulfed in a cloud of scalding steam.
The steam dragon bites you. The steam dragon closely misses you.
The steam dragon bites you but does no damage.
The steam dragon claws you but does no damage.
You hit the steam dragon.
The steam dragon is lightly wounded.
You are engulfed in a cloud of scalding steam.
The steam dragon bites you but does no damage.
You block the steam dragon's attack.
You hit the steam dragon.
The steam dragon is lightly wounded.
The steam dragon breathes steam at you. The ball of steam hits you!!
Ouch! That really hurt!
* * * LOW HITPOINT WARNING * * *
You are too injured to fight recklessly!
You are too injured to fight recklessly!
You are too injured to fight recklessly!
The steam dragon bites you but does no damage.
The steam dragon claws you but does no damage.
A red film seems to cover your vision as you go berserk!
You feel yourself moving faster!
You feel mighty! The steam dragon barely misses you.
The steam dragon claws you but does no damage.
You puncture the steam dragon!
The steam dragon is severely wounded.
The steam dragon breathes steam at you. The ball of steam hits you!
You die...

###.##.# #...#.#
####...#.# ###
#......#.##...
##........#...
###.......###..### #
#.).....#.# #..#...#
#§#D###)#)# #..#.#.#
..D#@.§[<#.###..#...#
#######§#.#..)...#...#
...#.##.)#......#
###.#.##.......#.#
....###....#.#.#
.#########.#.... #.
...#.#.#.. #.
#.#.>....
.#####.....#..


You could see a steam dragon (catching breath).

Vanquished Creatures
  An ice beast (D:5)
  An ogre (D:6)
  A gnoll sergeant (D:4)
  4 hounds
  2 orc priests
  A bullfrog skeleton (D:5)
  2 orc wizards (D:6)
  A scorpion zombie (D:5)
  3 adders
  An adder skeleton (D:5)
  4 worms
  3 dart slugs
  5 orcs
  10 ball pythons
  7 endoplasms
  A giant cockroach (D:2)
  9 goblins
  4 hobgoblins
  3 jackals (D:1)
  4 kobolds
  2 quokkas
  7 bats
  2 frilled lizards
  3 rats
81 creatures vanquished.

Notes
Turn   | Place    | Note
-------+----------+-------------------------------------------
     0 | D:1      | MirrMurr the Gargoyle Berserker began the quest for the
                  | Orb.
     0 | D:1      | Reached XP level 1. HP: 14/14 MP: 1/1
    67 | D:1      | Reached XP level 2. HP: 10/19 MP: 2/2
   411 | D:1      | Reached XP level 3. HP: 23/24 MP: 3/3
   595 | D:1      | Reached ** piety under Trog
  1413 | D:2      | Reached XP level 4. HP: 29/29 MP: 4/4
  2154 | D:2      | Found a faded altar of an unknown god.
  2458 | D:3      | Found a shimmering blue altar of Sif Muna.
  2580 | D:3      | You fall into a shaft and drop 2 floors!
  2580 | D:5      | Entered Level 5 of the Dungeon
  2611 | D:5      | Reached skill level 4 in Fighting
  2611 | D:5      | Reached skill level 1 in Throwing
  2860 | D:5      | Reached XP level 5. HP: 33/33 MP: 5/5
  2946 | D:5      | Noticed an ice beast
  2960 | D:5      | Killed an ice beast
  3142 | D:4      | Reached XP level 6. HP: 39/39 MP: 6/6
  4112 | D:4      | Identified a scroll of acquirement
  4112 | D:4      | Acquired a +2 pair of gloves of archery
  5022 | D:5      | Found a transporter.
  5022 | D:5      | Noticed DildoBatman's ghost (amateur FoCj)
  5074 | D:5      | Reached XP level 7. HP: 44/44 MP: 7/7
  5126 | D:5      | Found a transporter.
  5197 | D:5      | Reached skill level 5 in Fighting
  5674 | D:6      | Reached skill level 1 in Shields
  5771 | D:6      | Noticed a steam dragon
  5782 | D:6      | Killed from afar by a steam dragon

Illustrated notes

Levels and vault maps discovered:
D:1:      lightli_arrival_statue_moat, layout_rooms
D:2:      layout_basic, shapermc_ecumenical_altar_pompeii, dk_noncrumbling_2,
          grunt_ministairs_11
D:3:      layout_basic, mainiacjoe_overflow_catwalk, grunt_decor_arrowhead,
          palyth_stone_intersect
D:4:      layout_rooms, minmay_manual_moon
D:5:      layout_loops_ring, gammafunk_ghost_mausoleum, grunt_decor_fettered
D:6:      layout_basic, enter_ossuary_5, st_stairs_4, corexii_checkpoint_b,
          corexii_checkpoint_a

Skill      XL: |  1  2  3  4  5  6  7 |
---------------+----------------------+-----
Polearms       | 3 4 |  4.0
Fighting       | 4 5 |  5.2
Throwing       | 1 2 |  2.7
Dodging        | 2 3 |  3.2
Armour         | 3 4 |  4.3
Shields        | 1 |  1.4

Action                   |  1- 3 |  4- 6 |  7- 9 || total
-------------------------+-------+-------+-------++-------
Melee: Spear             |   127 |   184 |       ||   311
       Trident           |       |     3 |    65 ||    68
 Fire: Hunting sling     |       |    50 |     9 ||    59
Throw: Stone             |       |    19 |     3 ||    22
Invok: Berserk           |     2 |     5 |     2 ||     9
       Trog's Hand       |       |       |     1 ||     1
  Use: Scroll            |     4 |     9 |       ||    13
Armor: Animal skin       |    45 |     1 |       ||    46
       Scale mail        |       |   104 |    35 ||   139
Dodge: Dodged            |    82 |    83 |    28 ||   193
Block: Buckler           |       |       |     2 ||     2
